 Dungeon Crawl Stone Soup version 0.23-a0-391-g8c51ad5 (webtiles) character file.

109 XanderDroid the Magician (level 4, 0/32 HPs)
             Began as a Gnoll Wizard on Oct 30, 2018.
             Slain by a goblin (2 damage)
             ... led by Robin
             ... on level 2 of the Dungeon.
             The game lasted 00:14:11 (3397 turns).

XanderDroid the Magician (Gnoll Wizard)             Turns: 3397, Time: 00:14:12

Health: 0/32       AC:  3    Str: 10    XL:     4   Next: 90%
Magic:  2/13       EV: 14    Int: 21    God:
Gold:   82         SH:  0    Dex: 13    Spells: 6/17 levels left

rFire    . . .     SeeInvis .   k - -1 spear (curse)
rCold    . . .     Gourm    .   (no shield)
rNeg     . . .     Faith    .   a - +0 robe
rPois    .         Spirit   .   b - +0 hat
rElec    .         Reflect  .   n - +0 cloak
rCorr    .         Harm     .   (no gloves)
MR       .....                  (no boots)
Stlth    +++.......             (no amulet)
HPRegen  0.10/turn              (no ring)
MPRegen  0.13/turn              (no ring)

@: very slightly contaminated
A: distributed training, fangs 1, strong nose
a: no special abilities


You were on level 2 of the Dungeon.
You were not hungry.

You visited 1 branch of the dungeon, and saw 2 of its levels.

You collected 82 gold pieces.

Inventory:

Hand Weapons
 k - a cursed -1 spear (weapon)
 o - a +0 halberd
Missiles
 m - 49 stones (quivered)
Armour
 a - a +0 robe (worn)
 b - a +0 hat (worn)
 n - a +0 cloak (worn)
Scrolls
 e - 3 scrolls of teleportation
 h - a scroll of fog {unknown}
 i - 4 scrolls of identify
 j - a scroll of random uselessness {unknown}
 l - 2 scrolls of remove curse {unknown}
Potions
 c - 4 potions of curing
 f - a potion of invisibility {unknown}
 g - a potion of lignification {unknown}
Comestibles
 d - 3 rations
 p - 3 chunks of flesh


   Skills:
 + Level 1.2 Fighting
 + Level 1.2 Short Blades
 + Level 1.2 Long Blades
 + Level 1.2 Axes
 + Level 1.2 Maces & Flails
 + Level 1.2 Polearms
 + Level 1.2 Staves
 + Level 1.2 Slings
 + Level 1.2 Bows
 + Level 1.2 Crossbows
 + Level 1.2 Throwing
 + Level 1.2 Armour
 + Level 4.7 Dodging
 + Level 4.3 Stealth
 + Level 1.2 Shields
 + Level 1.2 Unarmed Combat
 + Level 7.2 Spellcasting
 + Level 2.3 Conjurations
 + Level 1.0 Hexes
 + Level 1.0 Charms
 + Level 2.3 Summonings
 + Level 1.0 Necromancy
 + Level 2.3 Translocations
 + Level 1.0 Transmutations
 + Level 1.0 Fire Magic
 + Level 1.0 Ice Magic
 + Level 1.0 Air Magic
 + Level 1.0 Earth Magic
 + Level 1.0 Poison Magic
 + Level 1.3 Invocations
 + Level 1.2 Evocations


You had 6 spell levels left.
You knew the following spells:

 Your Spells              Type           Power        Failure   Level  Hunger
a - Magic Dart            Conj           ###.         3%          1    None
b - Blink                 Tloc           N/A          4%          2    None
c - Call Imp              Summ           ###.....     4%          2    None
d - Conjure Flame         Conj/Fire      ##......     13%         3    None
e - Mephitic Cloud        Conj/Pois/Air  ##......     14%         3    None

Your spell library contained the following spells:

 Spells                   Type           Power        Failure   Level  Hunger
 Slow                     Hex            ##......     9%          2    None


Dungeon Overview and Level Annotations

Branches:
Dungeon (2/15)

Altars:
Kikubaaqudgha
Vehumet
The Shining One

Annotations:
D:2 Robin


Innate Abilities, Weirdness & Mutations

Your experience applies equally to all skills.
You have very sharp teeth.
Your uncanny sense of smell can sniff out nearby items.


Message History

You see here 2 stones.
Robin throws the goblin at you!
The goblin unwields a +0 hunting sling.
The goblin barely misses you.
The goblin wields a +0 hunting sling.
The goblin shoots a stone.
The stone closely misses you. Robin throws the goblin at you!
* * * LOW HITPOINT WARNING * * *
The goblin closely misses you.
You barely miss the goblin. Robin throws the goblin at you!
The goblin unwields a +0 hunting sling.
The goblin barely misses you. The goblin hits you with a +0 club.
* * * LOW HITPOINT WARNING * * *
You hit the goblin.
You kill the goblin!
The goblin closely misses you.
The goblin no longer looks unusually strong.
Robin roars a battlecry!
The goblins go into a battle-frenzy!
The goblin hits you.
You die...

#.#.#.#..#.#.#.#.......#
#.#.#.#..#...#.#.###.#.#
#.#.#.#.§÷...#†#.#...#.#
#.#.#.##.#g....#.#.#.#.#
#.#.#....#.###.#.#.#.#.#
#.#.######.g.#.#.#.#.#.#
#.#..........#..<#.#.#.#
..###........###.#.#.#.# ###
#.......gg..@.(#.#.# #
..#.......####g###.#.#####
#...#.......# #...÷.#.....#
#...#.......##############.#
.....########..........>.#.#
.....##.._8##....#########.#
.....##....##..#.#########.#
.....###..###..#...........#
.....#⌠....##..#.###########


You could see Robin and 2 goblins.

Vanquished Creatures
  3 adders (D:2)
  A gnoll (D:2)
  An ooze (D:2)
  2 worms (D:2)
  3 dart slugs
  A leopard gecko (D:2)
  2 giant cockroaches (D:2)
  8 goblins
  4 hobgoblins
  2 jackals (D:2)
  A quokka (D:2)
  3 bats (D:2)
  A frilled lizard (D:1)
  12 kobolds
  7 rats
51 creatures vanquished.

Vanquished Creatures (collateral kills)
  2 gnolls (D:2)
2 creatures vanquished.

Grand Total: 53 creatures vanquished

Notes
Turn   | Place    | Note
-------+----------+-------------------------------------------
     0 | D:1      | XanderDroid the Gnoll Wizard began the quest for the Orb.
     0 | D:1      | Reached XP level 1. HP: 13/13 MP: 8/8
   315 | D:1      | Reached XP level 2. HP: 15/19 MP: 7/10
   344 | D:1      | Learned a level 2 spell: Blink
   347 | D:1      | Learned a level 2 spell: Call Imp
   795 | D:1      | Found a glowing golden altar of the Shining One.
  1473 | D:2      | Reached XP level 3. HP: 25/25 MP: 11/11
  2051 | D:2      | Reached skill level 1 in Invocations
  2303 | D:2      | Reached skill level 1 in Fighting
  2303 | D:2      | Reached skill level 1 in Short Blades
  2303 | D:2      | Reached skill level 1 in Long Blades
  2303 | D:2      | Reached skill level 1 in Axes
  2303 | D:2      | Reached skill level 1 in Maces & Flails
  2303 | D:2      | Reached skill level 1 in Polearms
  2303 | D:2      | Reached skill level 1 in Staves
  2303 | D:2      | Reached skill level 1 in Slings
  2303 | D:2      | Reached skill level 1 in Bows
  2303 | D:2      | Reached skill level 1 in Crossbows
  2303 | D:2      | Reached skill level 1 in Throwing
  2303 | D:2      | Reached skill level 1 in Armour
  2303 | D:2      | Reached skill level 1 in Shields
  2303 | D:2      | Reached skill level 1 in Unarmed Combat
  2303 | D:2      | Reached skill level 1 in Evocations
  2701 | D:2      | Reached XP level 4. HP: 32/32 MP: 10/13
  3072 | D:2      | Found a radiant altar of Vehumet.
  3078 | D:2      | Learned a level 3 spell: Conjure Flame
  3082 | D:2      | Learned a level 3 spell: Mephitic Cloud
  3091 | D:2      | Found an ancient bone altar of Kikubaaqudgha.
  3313 | D:2      | Reached skill level 1 in Hexes
  3313 | D:2      | Reached skill level 1 in Charms
  3313 | D:2      | Reached skill level 1 in Necromancy
  3313 | D:2      | Reached skill level 1 in Transmutations
  3313 | D:2      | Reached skill level 1 in Fire Magic
  3313 | D:2      | Reached skill level 1 in Ice Magic
  3313 | D:2      | Reached skill level 1 in Air Magic
  3313 | D:2      | Reached skill level 1 in Earth Magic
  3313 | D:2      | Reached skill level 1 in Poison Magic
  3362 | D:2      | Noticed Robin
  3397 | D:2      | Slain by a goblin

Vault maps used:
D:1:      nzn_arrival_water_spiral, tso_metal_star
D:2:      lemuel_blue_sif_altar, minitemple, uniq_robin

Skill      XL: |  1  2  3  4 |
---------------+-------------+-----
Conjurations   | 2 |  2.3
Summonings     | 2 |  2.3
Translocations | 2 |  2.3
Invocations    | 1 |  1.3
Fighting       | 1 |  1.2
Short Blades   | 1 |  1.2
Long Blades    | 1 |  1.2
Axes           | 1 |  1.2
Maces & Flails | 1 |  1.2
Polearms       | 1 |  1.2
Staves         | 1 |  1.2
Slings         | 1 |  1.2
Bows           | 1 |  1.2
Crossbows      | 1 |  1.2
Throwing       | 1 |  1.2
Armour         | 1 |  1.2
Shields        | 1 |  1.2
Unarmed Combat | 1 |  1.2
Evocations     | 1 |  1.2
Hexes          | 1 |  1.0
Charms         | 1 |  1.0
Necromancy     | 1 |  1.0
Transmutations | 1 |  1.0
Fire Magic     | 1 |  1.0
Ice Magic      | 1 |  1.0
Air Magic      | 1 |  1.0
Earth Magic    | 1 |  1.0
Poison Magic   | 1 |  1.0
Dodging        | |  4.7
Stealth        | |  4.3
Spellcasting   | |  7.2

Action                   |  1- 3 |  4- 6 || total
-------------------------+-------+-------++-------
Melee: Whip              |    16 |       ||    16
       Unarmed           |     2 |       ||     2
       Spear             |   109 |    63 ||   172
       Bite              |     4 |     3 ||     7
 Cast: Magic Dart        |    42 |     5 ||    47
       Call Imp          |     1 |     1 ||     2
       Blink             |       |     5 ||     5
  Use: Scroll            |     2 |       ||     2
 Stab: Sleeping          |     9 |     2 ||    11
  Eat: Chunk             |     6 |     2 ||     8
Armor: Robe              |    16 |    15 ||    31
Dodge: Dodged            |    78 |    58 ||   136

Table legend:
 A = Non-vault XP
 B = Vault XP
 C = Vault XP percentage of total XP
 D = Non-vault monster count
 E = Vault monster count
 F = Vault count percentage of total count
                 A         B        C        D         E       F
            +---------+---------+-------+---------+---------+-------
      Total |     152 |       5 |   3.2 |      50 |       3 |   5.7
            +---------+---------+-------+---------+---------+-------
        D:1 |      30 |       0 |   0.0 |      20 |       0 |   0.0
        D:2 |     122 |       5 |   3.9 |      30 |       3 |   9.1
            +---------+---------+-------+---------+---------+-------
